 Dungeon Crawl Stone Soup version 0.18-a0-1180-g64ccc1e (webtiles) character file.

2251 timbw the Grappler (level 9, -6/44 HPs)
             Began as a Vine Stalker Fighter on Jan 27, 2016.
             Was a Priest of Okawaru.
             Mangled by a komodo dragon (22 damage)
             ... on level 2 of the Lair of Beasts.
             The game lasted 00:09:27 (1972 turns).

timbw the Grappler (Vine Stalker Fighter)           Turns: 1972, Time: 00:09:27

Health: -6/44      AC: 11    Str: 19    XL:     9   Next: 37%
Magic:  0/10       EV: 10    Int:  6    God:    Okawaru [***...]
Gold:   212        SH: 11    Dex: 17    Spells: 0 memorised, 8 levels left

rFire  . . .     SeeInvis .       - Unarmed
rCold  . . .     Gourm    .     x - +1 chain mail "Cinwuk" {rElec rPois Int-2 Stlth-} (curse)
rNeg   . . .     Faith    +     b - +0 shield
rPois  +         Spirit   +     (no helmet)
rElec  +         Dismiss  .     (no cloak)
rCorr  .         Reflect  .     (no gloves)
SustAt .         Harm     .     (no boots)
MR     +....                    g - amulet of faith
Stlth  ..........               (no ring)
                                (no ring)

@: heroism, somewhat resistant to hostile enchantments, extremely unstealthy
A: fangs 3, regeneration 2, magic shield, antimagic bite, no device heal 3, rot
immunity
a: Heroism, Renounce Religion


You were on level 2 of the Lair of Beasts.
You worshipped Okawaru.
Okawaru was most pleased with you.
You were not hungry.

You visited 3 branches of the dungeon, and saw 11 of its levels.

You collected 212 gold pieces.

Inventory:

Missiles
 c - 15 poisoned needles
 f - 2 tomahawks (quivered)
Armour
 a - a +1 scale mail
 b - a +0 shield (worn)
 x - the cursed +1 chain mail "Cinwuk" (worn) {rElec rPois Int-2 Stlth-}
   (You found it on level 8 of the Dungeon)

   It affects your intelligence (-2).
   It insulates you from electricity.
   It protects you from poison.
   It makes you less stealthy.
   It has a curse placed upon it.
Jewellery
 g - an amulet of faith (around neck)
Wands
 h - a wand of draining (0/15)
 j - a wand of magic darts (17/48)
 o - a wand of flame (16/48)
 q - a wand of fireball (10/15)
 r - a wand of disintegration (4/24)
Scrolls
 e - 4 scrolls of enchant armour
 l - a scroll of recharging
 n - 5 scrolls of identify
 v - a scroll of fog
 w - a scroll of magic mapping {unknown}
 y - a scroll of fear {unknown}
Potions
 i - 2 potions of heal wounds {unknown}
 m - a potion of haste {unknown}
 s - a potion of magic {unknown}
 t - a potion of flight {unknown}
 A - 2 potions of brilliance {unknown}
Comestibles
 d - a bread ration
 k - 2 beef jerkies
 p - a royal jelly
 u - 2 meat rations
 z - 4 chunks of flesh


   Skills:
 + Level 3.4(8.4) Fighting
 + Level 3.1(8.1) Armour
 + Level 1.5(6.5) Dodging
 + Level 3.3(8.3) Shields
 * Level 11.2(16.2) Unarmed Combat


You had 8 spell levels left.
You didn't know any spells.

Dungeon Overview and Level Annotations

Branches:
Dungeon (8/15)             Temple (1/1) D:7            Lair (2/8) D:8

Altars:
Ashenzari
Fedhas
Gozag
Kikubaaqudgha
Makhleb
Nemelex Xobeh
Okawaru
Qazlal
Sif Muna
Trog
Vehumet
Xom
Yredelemnul
Zin
The Shining One

Annotations:
D:5 Prince Ribbit


Innate Abilities, Weirdness & Mutations

You have razor-sharp teeth.
You heal very quickly.
When hurt, damage is shared between your health and your magic reserves.
Your bite disrupts and absorbs the magic of your enemies.
Potions and wands cannot restore your health.
You are immune to rotting.


Message History

The river rat bites you. The komodo dragon barely misses you.
Some of the chunks of flesh in your inventory have rotted away.
You completely miss the komodo dragon. Your bite misses the komodo dragon.
The komodo dragon is severely wounded.
You block the river rat's attack.
The komodo dragon completely misses you.
You fail to use your ability.
The river rat bites you. You block the komodo dragon's attack.
You punch the komodo dragon!
The komodo dragon is almost dead.
The river rat bites you but does no damage.
You gain the combat prowess of a mighty hero.
You feel slightly more hungry. The komodo dragon bites you!
The river rat bites you but does no damage.
You closely miss the komodo dragon.
You bite the komodo dragon, but do no damage.
The komodo dragon is almost dead.
The komodo dragon bites you!!
Ouch! That really hurt!
You die...

### ### ###
#@###.#####
#..rl#r##^#.#.####P
..<...r.rr...........
.............<.......
.....................
#....................
##...P..#...P#.......
#...........#.r....P
..................#.


You could see a komodo dragon and 5 river rats.

Vanquished Creatures
  An elephant (D:8)
  Joseph (D:8)
  A wyvern (D:8)
  A hippogriff (D:7)
  A water moccasin (Lair:1)
  A porcupine (Lair:2)
  An ice beast (D:6)
  An ogre (D:5)
  A crocodile (D:8)
  3 giant frogs
  A water moccasin skeleton (D:8)
  3 wights (D:7)
  A giant frog zombie (D:8)
  4 crimson imps
  A quasit (D:6)
  A hound (D:5)
  Ijyb (D:2)
  An orc wizard (D:6)
  A worker ant (D:7)
  A sheep (D:8)
  2 hound skeletons
  Robin (D:2)
  5 gnolls (D:8)
  2 adders
  A river rat (Lair:2)
  A shadow imp (D:6)
  3 worms
  A giant gecko (D:6)
  3 orcs
  A ball python (D:2)
  A bat skeleton (D:2)
  3 giant cockroaches
  11 goblins (D:2)
  3 hobgoblins
  4 jackals (D:2)
  A kobold (D:2)
  2 quokkas (D:4)
  A bat (D:2)
  A giant newt (D:6)
  A quokka skeleton (D:2)
  A quokka zombie (D:5)
  2 rats
78 creatures vanquished.

Notes
Turn   | Place    | Note
--------------------------------------------------------------
     0 | D:1      | timbw the Vine Stalker Fighter began the quest for the Orb.
     0 | D:1      | Reached XP level 1. HP: 11/11 MP: 2/2
    27 | D:2      | Noticed Ijyb
    37 | D:2      | Killed Ijyb
    37 | D:2      | Reached skill level 3 in Unarmed Combat
    37 | D:2      | Reached XP level 2. HP: 16/16 MP: 3/3
    37 | D:2      | Reached XP level 3. HP: 19/19 MP: 4/4
    81 | D:2      | Noticed Robin
   112 | D:2      | Killed Robin
   112 | D:2      | Reached skill level 4 in Unarmed Combat
   112 | D:2      | Reached XP level 4. HP: 20/23 MP: 3/5
   380 | D:5      | Entered Level 5 of the Dungeon
   381 | D:5      | Noticed an ogre
   392 | D:5      | HP: 1/23 [ogre/giant club (4)]
   396 | D:5      | Killed an ogre
   396 | D:5      | Reached skill level 5 in Unarmed Combat
   396 | D:5      | Reached XP level 5. HP: 2/27 MP: 1/6
   570 | D:4      | Found a sparkling altar of Nemelex Xobeh.
   646 | D:5      | Reached skill level 6 in Unarmed Combat
   646 | D:5      | Gained mutation: You heal very quickly. [Vine Stalker growth]
   646 | D:5      | Reached XP level 6. HP: 30/32 MP: 7/7
   660 | D:5      | Found an opulent altar of Gozag.
   688 | D:5      | Noticed Prince Ribbit
  1034 | D:6      | Noticed an ice beast
  1061 | D:6      | Noticed a water elemental
  1063 | D:6      | Found a stormy altar of Qazlal.
  1064 | D:6      | Noticed an air elemental
  1064 | D:6      | Noticed a fire elemental
  1120 | D:6      | Killed an ice beast
  1120 | D:6      | Reached skill level 7 in Unarmed Combat
  1140 | D:6      | Reached XP level 7. HP: 17/35 MP: 6/8
  1249 | D:7      | Found a staircase to the Ecumenical Temple.
  1257 | D:7      | Reached skill level 8 in Unarmed Combat
  1270 | Temple   | Entered the Ecumenical Temple
  1290 | Temple   | Became a worshipper of Warmaster Okawaru
  1370 | D:8      | Noticed Joseph
  1481 | D:7      | Noticed a hippogriff
  1494 | D:7      | Killed a hippogriff
  1634 | D:7      | Reached * piety under Okawaru
  1634 | D:7      | Reached skill level 9 in Unarmed Combat
  1634 | D:7      | Gained mutation: You have razor-sharp teeth. [Vine Stalker growth]
  1634 | D:7      | Reached XP level 8. HP: 34/39 MP: 9/9
  1693 | D:8      | Noticed a wyvern
  1704 | D:8      | Killed a wyvern
  1723 | D:8      | Got a transparent chain mail
  1742 | D:8      | Killed Joseph
  1742 | D:8      | Reached ** piety under Okawaru
  1742 | D:8      | Reached skill level 10 in Unarmed Combat
  1768 | D:8      | Identified the cursed +1 chain mail "Cinwuk" {rElec rPois Int-2 Stlth-} (You found it on level 8 of the Dungeon)
  1785 | D:8      | Found a staircase to the Lair.
  1789 | D:8      | Noticed an elephant
  1812 | D:8      | Killed an elephant
  1812 | D:8      | Reached skill level 1 in Dodging
  1812 | D:8      | Reached skill level 11 in Unarmed Combat
  1812 | D:8      | Reached XP level 9. HP: 15/44 MP: 5/10
  1847 | D:8      | Reached *** piety under Okawaru
  1887 | Lair:1   | Entered Level 1 of the Lair of Beasts
  1953 | Lair:2   | Noticed a komodo dragon
  1972 | Lair:2   | Mangled by a komodo dragon

Vault maps used:
D:1:      dpeg_arrival_stone_temple_mockup, okawaru_ov_weapons_minmay
D:2:      lemuel_doored_altar, serial_undead, serial_undead_b, serial_undead_e,
          serial_undead_d, serial_undead_d, serial_undead_b, serial_undead_a,
          trog_book, uniq_iyjb, uniq_jessica, uniq_robin
D:4:      marbit_many_paths, first_bread, uniq_edmund
D:5:      kennysheep_mini, grunt_gozag_breadcrumbs, uniq_menkaure,
          uniq_prince_ribbit1
D:6:      nicolae_qazlal_style_of_elements, grunt_ministairs_4, uniq_pikel
D:7:      cheibriados_altar_1, minmay_temple_entry_junction
D:8:      nicolae_overflow_crystal_walls, david_lair_generic, uniq_joseph
Temple:   temple_eino_lava_12
Lair:1:   serial_bayou_pond_a, serial_bayou_lagoon_a
Lair:2:   nicolae_lair_grove_arrangements, grunt_forest_large_clearings

Action                   |  1- 3 |  4- 6 |  7- 9 || total
-------------------------+-------+-------+-------++-------
Melee: Unarmed           |    44 |   145 |   152 ||   341
Invok: Heroism           |       |       |     8 ||     8
Evoke: Wand              |       |     7 |       ||     7
  Use: Potion            |     1 |       |       ||     1
       Scroll            |       |     5 |       ||     5
  Eat: Chunk             |       |     1 |     2 ||     3
       Bread ration      |       |       |     1 ||     1
